 Dungeon Crawl Stone Soup version 0.17-b1-36-g7b1967c (webtiles) character file.

418313 xeno23 the Imperceptible (level 22, -2/114 HPs)
             Began as a Spriggan Enchanter on Nov 4, 2015.
             Was the Champion of Dithmenos.
             Slain by a long sword of slicing (4 damage)
             ... on level 5 of the Vaults on Nov 6, 2015.
             The game lasted 08:12:11 (59875 turns).

xeno23 the Imperceptible (Spriggan Enchanter)      Turns: 59875, Time: 08:12:11

Health: -2/114     AC: 13    Str:  5    XL:     22   Next: 60%
Magic:  44/46      EV: 40    Int: 22    God:    Dithmenos [******]
Gold:   1784       SH: 11    Dex: 22    Spells: 11 memorised, 6 levels left

rFire  + + +     SeeInvis +     f - +9 rapier (elec)
rCold  + + .     Clarity  +     R - +2 robe {rC+ rF+}
rNeg   + . .     SustAt   .     U - +2 buckler of Vehumet's Reproof {rCorr MP+9}
rPois  +         Gourm    .     p - +2 hat {rC+}
rElec  .         Spirit   .     s - +2 cloak
rCorr  +         Warding  +     (gloves unavailable)
rMut   .         Stasis   .     (boots unavailable)
MR     +++..                    I - brooch of Shielding {Ward rN+ AC+4 EV+4}
Stlth  ++++++++++               Z - ring of Utifoad {+Fly rF+ Int+4}
                                T - ring of the Gloaming {Fire rPois Stlth+}

@: about to teleport, wreathed by umbra, deflect missiles, very quick, extremely
resistant to hostile enchantments, uncannily stealthy
A: unfitting armour, antennae 1, see invisible, clarity, cold resistance 1,
dopey 1, herbivore 3, speed 3, slow metabolism 2
a: Shadow Step, Shadow Form, Renounce Religion, Evoke Flight
}: 2/15 runes: decaying, serpentine


You were on level 5 of the Vaults.
You worshipped Dithmenos.
Dithmenos was exalted by your worship.
You were not hungry.

You visited 9 branches of the dungeon, and saw 46 of its levels.
You also visited: Labyrinth and Ice Cave.

You collected 4718 gold pieces.
You spent 2934 gold pieces at shops.

Inventory:

Hand Weapons
 f - a +9 rapier of electrocution (weapon)
 n - a +3 vampiric quick blade
 x - a +0 blowgun
Missiles
 h - 60 tomahawks (quivered)
 l - 101 poisoned needles
 G - 2 throwing nets
Armour
 p - a +2 hat of cold resistance (worn)
 s - a +2 cloak (worn)
 v - a quicksilver dragon armour
 R - a +2 robe of resistance (worn)
 U - the +2 buckler of Vehumet's Reproof (worn) {rCorr MP+9}
   (You found it in a labyrinth)

   It affects your magic capacity (+9).
   It protects you from acid and corrosion.
Jewellery
 A - the amulet of the Air {Inacc +Fly rElec EV+5 RMsl}
   (You found it on level 14 of the Dungeon)

   [amulet of inaccuracy]

   It reduces the accuracy of all your attacks.
   It affects your evasion (+5).
   It insulates you from electricity.
   It lets you fly.
   It protects you from missiles.
 I - the brooch of Shielding (around neck) {Ward rN+ AC+4 EV+4}
   (You found it in a labyrinth)

   [amulet of warding]

   It may prevent the melee attacks of summoned creatures.
   It affects your AC (+4).
   It affects your evasion (+4).
   It protects you from negative energy.
 T - the ring of the Gloaming (left hand) {Fire rPois Stlth+}
   (You found it on level 4 of the Snake Pit)

   [ring of fire]

   It enhances your fire magic, and weakens your ice magic.
   It protects you from fire.
   It makes you vulnerable to cold.
   It protects you from poison.
   It makes you more stealthy.
 Z - the ring of Utifoad (right hand) {+Fly rF+ Int+4}
   (You took it off Saint Roka on level 3 of the Elven Halls)

   [ring of flight]

   It affects your intelligence (+4).
   It protects you from fire.
   It lets you fly.
Wands
 J - a wand of digging (5)
 V - a wand of teleportation (4)
Scrolls
 i - 8 scrolls of vulnerability
 j - 6 scrolls of magic mapping
 k - 14 scrolls of remove curse
 m - 7 scrolls of teleportation
 o - 8 scrolls of enchant armour
 r - 5 scrolls of fear
 M - 7 scrolls of identify
 P - 4 scrolls of fog
 S - 4 scrolls of recharging
 W - a scroll of silence
Potions
 a - 6 potions of cancellation
 b - 5 potions of magic
 c - a potion of resistance
 e - 7 potions of agility
 q - 10 potions of curing
 w - 5 potions of brilliance
 B - 6 potions of might
 L - 2 potions of haste
 N - a potion of berserk rage
 Y - a potion of invisibility
Miscellaneous
 H - a phial of floods
Comestibles
 d - 13 bread rations
 t - 43 fruits


   Skills:
 + Level 11.5 Fighting
 + Level 16.4 Short Blades
 - Level 9.0 Throwing
 + Level 17.6 Dodging
 * Level 26.3 Stealth
 - Level 7.2 Shields
 + Level 10.8 Spellcasting
 * Level 7.1 Conjurations
 - Level 18.7 Hexes
 - Level 17.0 Charms
 - Level 4.7 Translocations
 - Level 4.0 Ice Magic
 - Level 8.6 Air Magic


You had 6 spell levels left.
You knew the following spells:

 Your Spells              Type           Power        Failure   Level  Hunger
a - Ensorcelled Hibernat  Hex/Ice        ####..       1%          2    None
b - Blink                 Tloc           N/A          1%          2    None
c - Corona                Hex            #######      0%          1    None
d - Tukima's Dance        Hex            #######.     0%          3    None
e - Deflect Missiles      Chrm/Air       ######....   4%          6    ######.
f - Mass Confusion        Hex            #######...   1%          6    ######.
g - Shroud of Golubria    Chrm/Tloc      ######....   1%          2    None
q - Dazzling Spray        Conj/Hex       ######..     1%          3    None
s - Confuse               Hex            #######.     0%          3    None
v - Cause Fear            Hex            #######...   1%          4    #......
w - Fulminant Prism       Conj/Hex       ######....   1%          4    #......


Dungeon Overview and Level Annotations

Branches:
Dungeon (15/15)            Temple (1/1) D:6            Lair (8/8) D:11
  Swamp (4/4) Lair:4        Snake (4/4) Lair:5        Slime (0/6) Lair:6
    Orc (4/4) D:10            Elf (3/3) Orc:4        Vaults (5/5) D:13
  Crypt (0/3) Vaults:3     Depths (2/5) D:15

Altars:
Ashenzari
Cheibriados
Dithmenos
Elyvilon
Fedhas
Gozag
Kikubaaqudgha
Makhleb
Nemelex Xobeh
Okawaru
Qazlal
Ru
Sif Muna
Trog
Vehumet
Xom
Yredelemnul
Zin
The Shining One
Jiyva

Shops:
D:5 *   D:14 *   Orc:4 =*[(   Elf:1 %   Elf:2 *%!*   Snake:4 (

Portals:
Hell: Depths:1
Ziggurat: Depths:1

Annotations:
Depths:2 the Enchantress


Innate Abilities, Weirdness & Mutations

You are tiny and cannot use many weapons and most armour.
You have supernaturally acute eyesight.
You are a herbivore.
You cover ground extremely quickly.
You need consume almost no food.
You have a pair of small antennae on your head.
You possess an exceptional clarity of mind.
Your flesh is cold resistant.
You are dopey. (Int -2)


Message History

The ogre barely misses you.
You puncture the ogre!
There is a sudden explosion of sparks!
You kill the ogre!
Dithmenos accepts your kill.
Read which item? (? for menu, Esc to quit)
As you read the scroll of teleportation, it crumbles to dust.
You feel strangely unstable.
The titan waves its arms in wide circles.
The air twists around and strikes you!
* * * LOW HITPOINT WARNING * * *
You emit a cloud of dark smoke.
You take 33 damage.
Drink which item? (? for menu, Esc to quit)
You feel better. The long sword of slicing hits you!
* * * LOW HITPOINT WARNING * * *
x2 You take 7 damage.
Drink which item? (? for menu, Esc to quit)
You feel better. The long sword of slicing hits you!
* * * LOW HITPOINT WARNING * * *
You die...

# .....#....#....##
......#....#.....##
...C####....#.)....##
...# #....#..C...[#
#.D..#.......#
#....#[.....## .
#....#.§§§§## ..
#....#.§§(§# p..
#....#.§§@## c...
#....#.§§## /....
#..p.#.§C##c..... .#
#....#[...'....#
....#
#...[#C(####+###
..... #....#X##
.....##....#.## #..
.....#..[..p(##....
......[[.[(........


You could see a titan and a long sword of slicing.

Vanquished Creatures
  Mara (Swamp:3)
  Sojobo (Vaults:4)
  Saint Roka (Elf:3)
  Nikola (Vaults:3)
  Rupert (Orc:3)
  Asterion (Elf:1)
  2 deep elf master archers (Elf:3)
  3 deep elf blademasters
  Agnes (Snake:1)
  Frances (Swamp:1)
  Kirke (Swamp:3)
  A sphinx (Vaults:2)
  4 tengu reavers
  A storm dragon (Depths:2)
  A thorn hunter (Swamp:3)
  9 greater nagas
  5 frost giants
  A fire giant (Depths:1)
  Aizul (Snake:1)
  7 vault wardens
  A caustic shrike zombie (Depths:2)
  An orc warlord (Orc:4)
  5 deep elf sorcerers
  A ghoul (D:14)
  An angel (Depths:1)
  14 ironheart preservers
  A reaper (Depths:1)
  9 very ugly things
  A vampire knight (Depths:2)
  Nessos (Lair:8)
  10 stone giants
  6 deep elf demonologists
  13 deep elf annihilators
  Azrael (D:15)
  A salamander stormcaller (Vaults:2)
  The ghost of heinrich the Spry, a journeyman FeBe of Trog (Depths:2)
  A dire elephant (shapeshifter) (Vaults:1)
  5 small abominations
  A blizzard demon (IceCv)
  Snorg (Lair:8)
  11 deep elf death magi
  4 ettins
  A green death (Depths:1)
  30 vault guards
  A fire dragon (Depths:1)
  A minotaur (Lab)
  4 deep elf high priests
  4 ice dragons
  7 yaktaur captains
  An entropy weaver (Depths:1)
  4 ghost crabs
  2 rakshasas (D:15)
  15 naga warriors
  5 great orbs of eyes
  A spriggan air mage (Depths:2)
  26 hydras
  18 anacondas
  3 tengu warriors (Depths:1)
  A catoblepas (Lair:8)
  5 alligators
  13 dancing weapons
  10 centaur warriors
  2 deep troll shamans
  3 death yaks (Lair:8)
  2 orc high priests (Orc:4)
  12 ogre magi
  2 spriggan berserkers (Depths:2)
  A soul eater (Depths:1)
  A queen ant (D:10)
  A vampire mage (Depths:1)
  19 naga sharpshooters
  7 shock serpents
  9 salamander mystics (Snake:4)
  8 hell knights
  5 skeletal warriors
  5 ice devils (IceCv)
  15 deep elf knights
  2 shadow wraiths
  4 giant orange brains
  2 flayed ghosts
  9 swamp dragons
  2 deep trolls (Vaults:2)
  5 deep elf summoners
  5 hill giants
  2 wizards
  2 spriggan druids
  9 naga ritualists
  13 mana vipers
  8 harpies
  A golden dragon skeleton (Depths:1)
  6 ironbrand convokers
  A tengu zombie (Depths:1)
  The ghost of PeterLawrence the Basher, a novice MiFi of Okawaru (D:7)
  4 unseen horrors
  7 necromancers
  A shambling mangrove (Swamp:4)
  15 deep elf conjurers
  5 lindwurms
  13 orc knights
  11 orc sorcerers
  A lindwurm (shapeshifter) (Elf:2)
  20 salamanders
  4 hornets
  32 ugly things
  2 human zombies (Vaults:3)
  3 wolf spiders
  9 cyclopes
  2 hornets (shapeshifter)
  4 griffons
  A wolf spider zombie (D:15)
  A cyclops (shapeshifter) (Elf:3)
  43 black mambas
  6 elephants
  29 naga magi
  9 guardian serpents
  Maurice (Orc:1)
  4 centaur zombies
  A frost giant skeleton (Vaults:3)
  15 vault sentinels
  2 ice statues (IceCv)
  20 spiny frogs
  An efreet (D:15)
  2 gargoyles
  10 komodo dragons
  A komodo dragon (shapeshifter) (Vaults:2)
  A redback zombie (D:15)
  A demonic crawler (Depths:1)
  13 trolls
  25 yaktaurs
  3 kobold demonologists (Vaults:1)
  26 deep elf priests
  A fire drake (shapeshifter) (Vaults:5)
  3 freezing wraiths
  A large abomination (Depths:1)
  9 blue devils
  A troll (shapeshifter) (Depths:2)
  A queen bee (Lair:6)
  4 polar bears
  3 boulder beetles
  22 two-headed ogres
  Prince Ribbit (D:7)
  37 slime creatures
  26 blink frogs
  A spriggan zombie (Depths:2)
  9 giant leeches
  A raiju (shapeshifter) (D:15)
  An ettin zombie (Vaults:3)
  6 bog bodies
  A stone giant simulacrum (Depths:1)
  A snapping turtle (shapeshifter) (D:15)
  A spriggan (shapeshifter) (Elf:3)
  A redback (Depths:1)
  A shadow (Swamp:3)
  10 spriggans
  2 wraiths
  5 water elementals (Depths:1)
  24 deep elf magi
  A spriggan skeleton (Depths:2)
  2 tarantellas (Depths:1)
  A wyvern (shapeshifter) (Vaults:4)
  3 wyverns
  2 fire elementals (D:15)
  26 yaks
  A spriggan simulacrum (Depths:1)
  A human (shapeshifter) (Elf:3)
  34 deep elf fighters
  10 wargs
  7 basilisks
  A yak (shapeshifter) (Vaults:1)
  3 hungry ghosts
  A soldier ant (shapeshifter) (D:15)
  19 swamp worms
  8 hippogriffs
  30 vampire mosquitoes
  11 insubstantial wisps
  10 soldier ants
  9 wolves
  2 hell hounds (D:15)
  44 orc warriors
  12 porcupines
  52 nagas
  A deep troll skeleton (Vaults:3)
  An ice beast (shapeshifter) (Vaults:4)
  A black bear (D:9)
  A sky beast (shapeshifter) (Depths:2)
  3 phantoms
  21 water moccasins
  A black bear (shapeshifter) (Vaults:4)
  An ice beast (D:14)
  An ogre (shapeshifter) (Vaults:5)
  7 boggarts
  4 sky beasts
  12 wasps
  16 swamp drakes
  An eye of draining (D:8)
  An eye of draining (shapeshifter) (Depths:2)
  60 ogres
  2 necrophages (D:10)
  The ghost of Hanyuu the Insei, an amateur OpTm (D:3)
  33 centaurs
  26 crocodiles
  3 brain worms
  2 big kobolds
  15 giant frogs
  A wyvern zombie (D:11)
  An earth elemental (D:14)
  7 scorpions
  45 killer bees
  9 crimson imps
  9 hounds
  9 wights
  A giant frog zombie (D:9)
  A quasit (D:12)
  26 orc priests
  3 centaur skeletons
  An electric eel (D:8)
  6 jellies
  Crazy Yiuf (D:2)
  33 orc wizards
  Jessica (D:2)
  6 giant frog skeletons
  23 iguanas
  33 worker ants
  A hell rat (Depths:1)
  A statue (D:9)
  A killer bee zombie (D:9)
  14 sheep
  2 mummies (D:14)
  A worker ant zombie (D:10)
  2 hound skeletons
  16 adders
  7 gnolls
  4 shadow imps
  78 river rats
  18 white imps
  6 ufetubi (IceCv)
  3 oozes
  3 worms (D:2)
  10 giant geckos
  164 orcs
  5 ball pythons
  2 bats
  2 giant cockroaches
  8 goblins
  4 hobgoblins
  9 jackals
  3 quokkas
  9 giant newts
  18 kobolds
  20 rats
  3 crawling corpses
  A fulminant prism (Elf:2)
2106 creatures vanquished.

Vanquished Creatures (collateral kills)
  Donald (Vaults:4)
  A skeletal warrior (Vaults:2)
  A naga mage (Snake:2)
  A giant cockroach (Depths:1)
4 creatures vanquished.

Vanquished Creatures (others)
  Margery (Vaults:4)
  A blizzard demon (IceCv)
  2 dancing weapons
  2 deep elf knights (Elf:2)
  A yaktaur (Vaults:4)
  A giant leech (Swamp:4)
  2 humans (Swamp:3)
  A centaur (Vaults:3)
  An ogre (Vaults:4)
  2 white imps (IceCv)
  3 ufetubi (IceCv)
  27 fulminant prisms
  4 fungi
  4 plants
52 creatures vanquished.

Grand Total: 2162 creatures vanquished

Notes
Turn   | Place    | Note
--------------------------------------------------------------
     0 | D:1      | xeno23 the Spriggan Enchanter began the quest for the Orb.
     0 | D:1      | Reached XP level 1. HP: 9/9 MP: 5/5
    74 | D:1      | Reached skill level 5 in Stealth
    85 | D:1      | Reached XP level 2. HP: 10/13 MP: 6/6
   386 | D:1      | Reached skill level 6 in Stealth
   394 | D:1      | Learned a level 2 spell: Ensorcelled Hibernation
   612 | D:2      | Found a blossoming altar of Fedhas.
   815 | D:2      | Found an opulent altar of Gozag.
   960 | D:2      | Reached XP level 3. HP: 16/16 MP: 8/8
  1303 | D:2      | Noticed Crazy Yiuf
  1309 | D:2      | Killed Crazy Yiuf
  1309 | D:2      | Reached skill level 7 in Stealth
  1369 | D:2      | Reached XP level 4. HP: 21/21 MP: 9/9
  1374 | D:2      | Learned a level 3 spell: Confuse
  1375 | D:2      | Noticed Jessica
  1382 | D:2      | Killed Jessica
  1419 | D:2      | Found a sacrificial altar of Ru.
  1482 | D:2      | Reached skill level 8 in Stealth
  1706 | D:2      | Reached XP level 5. HP: 6/24 MP: 6/10
  2316 | D:3      | Noticed Hanyuu's ghost (amateur OpTm)
  2346 | D:3      | Killed Hanyuu's ghost
  2346 | D:3      | Reached XP level 6. HP: 23/28 MP: 7/12
  3310 | D:4      | You fall through a shaft for 3 floors!
  3357 | D:7      | Noticed PeterLawrence's ghost (novice MiFi)
  3379 | D:7      | Killed PeterLawrence's ghost
  3379 | D:7      | Reached skill level 5 in Hexes
  3379 | D:7      | Reached XP level 7. HP: 32/32 MP: 8/14
  3395 | D:7      | Reached XP level 8. HP: 37/37 MP: 10/15
  3440 | D:6      | Found a glowing silver altar of Zin.
  3505 | D:6      | Reached skill level 1 in Fighting
  3770 | D:6      | Found a staircase to the Ecumenical Temple.
  3779 | Temple   | Entered the Ecumenical Temple
  3870 | Temple   | Became a worshipper of Dithmenos the Shadowed
  4183 | D:5      | Entered Level 5 of the Dungeon
  4453 | D:5      | Found Goask's General Store.
  4492 | D:5      | Bought 2 potions of might for 104 gold pieces
  4492 | D:5      | Bought a scroll of identify for 26 gold pieces
  4492 | D:5      | Bought a scroll of enchant armour for 97 gold pieces
  4606 | D:5      | Reached skill level 5 in Dodging
  5562 | D:7      | Reached * piety under Dithmenos
  5692 | D:7      | Found a glowing golden altar of the Shining One.
  5739 | D:7      | Noticed Prince Ribbit
  5750 | D:7      | Reached XP level 9. HP: 44/44 MP: 13/16
  5816 | D:7      | Killed Prince Ribbit
  6069 | D:8      | Reached skill level 9 in Stealth
  6298 | D:8      | Reached ** piety under Dithmenos
  6562 | D:8      | Reached skill level 10 in Stealth
  6938 | D:9      | Reached XP level 10. HP: 42/49 MP: 17/17
  7028 | D:9      | Reached skill level 11 in Stealth
  7352 | D:9      | Found a radiant altar of Vehumet.
  7413 | D:9      | Found a shattered altar of Ashenzari.
  7495 | D:9      | Reached skill level 12 in Stealth
  7599 | D:10     | Entered Level 10 of the Dungeon
  7646 | D:10     | Found a staircase to the Orcish Mines.
  7677 | D:10     | Reached *** piety under Dithmenos
  7782 | D:10     | Noticed a queen ant
  7853 | D:10     | Killed a queen ant
  7934 | D:10     | Noticed a hill giant
  7949 | D:10     | Killed a hill giant
  7949 | D:10     | Reached skill level 13 in Stealth
  8393 | D:10     | Reached skill level 10 in Short Blades
  8424 | D:10     | Reached XP level 11. HP: 17/53 MP: 19/19
  8615 | D:10     | Reached **** piety under Dithmenos
  8895 | D:11     | Found a staircase to the Lair.
  8959 | D:11     | Reached skill level 5 in Spellcasting
  9016 | D:11     | Noticed a five-headed hydra
  9047 | D:11     | Killed a five-headed hydra
  9047 | D:11     | Reached skill level 10 in Dodging
  9080 | D:11     | Reached skill level 10 in Hexes
  9438 | Lair:1   | Entered Level 1 of the Lair of Beasts
  9483 | Lair:1   | Noticed a four-headed hydra
  9512 | Lair:1   | Killed a four-headed hydra
 10233 | Lair:1   | Learned a level 3 spell: Tukima's Dance
 10237 | Lair:1   | Learned a level 3 spell: Dazzling Spray
 10299 | Lair:2   | Reached skill level 5 in Fighting
 10403 | Lair:2   | Reached skill level 14 in Stealth
 10610 | Lair:2   | Reached XP level 12. HP: 41/60 MP: 18/22
 10724 | Lair:2   | Reached ***** piety under Dithmenos
 11311 | Lair:3   | Noticed a seven-headed hydra
 11319 | Lair:3   | Killed a seven-headed hydra
 12126 | Lair:4   | Found a staircase to the Swamp.
 12164 | Lair:4   | Reached skill level 15 in Stealth
 12661 | Lair:4   | Reached skill level 15 in Dodging
 12696 | Lair:4   | You fall through a shaft!
 12714 | Lair:5   | Found a staircase to the Snake Pit.
 12727 | Lair:5   | Reached skill level 16 in Stealth
 13283 | Lair:5   | Reached XP level 13. HP: 66/66 MP: 23/23
 13808 | Lair:5   | Got an ancient whip
 14358 | Lair:6   | Found a frozen archway.
 14394 | Lair:6   | Reached ****** piety under Dithmenos
 14614 | Lair:6   | Found a staircase to the Slime Pits.
 14614 | Lair:6   | Found a viscous altar of Jiyva.
 14624 | Lair:6   | Found a labyrinth entrance.
 14638 | Lab      | Entered a labyrinth
 14639 | Lab      | Identified the +0 whip of Integrity {slash, +Inv} (You found it on level 5 of the Lair of Beasts)
 14955 | Lab      | Got an ichor-stained buckler
 15024 | Lair:6   | Reached skill level 17 in Stealth
 15767 | Lair:6   | Identified the +2 buckler of Vehumet's Reproof {rCorr MP+9} (You found it in a labyrinth)
 16831 | Lair:8   | Entered Level 8 of the Lair of Beasts
 16836 | Lair:8   | Noticed Snorg
 16843 | Lair:8   | Killed Snorg
 16843 | Lair:8   | Reached skill level 1 in Conjurations
 16978 | Lair:8   | Noticed Nessos
 16986 | Lair:8   | Killed Nessos
 17300 | Lair:8   | Reached XP level 14. HP: 67/75 MP: 24/24
 17332 | Lair:8   | Identified the Disquisition on Air
 17353 | Lair:8   | Gained mutation: Your flesh is cold resistant. [potion of beneficial mutation]
 17384 | Lair:8   | Reached skill level 18 in Stealth
 17988 | Lair:1   | Learned a level 2 spell: Blink
 17991 | Lair:1   | Learned a level 2 spell: Shroud of Golubria
 18066 | Orc:1    | Entered Level 1 of the Orcish Mines
 19014 | Orc:1    | Noticed Maurice
 19018 | Orc:1    | Killed Maurice
 19123 | Orc:3    | Reached skill level 1 in Charms
 19340 | Orc:3    | Reached skill level 1 in Translocations
 19421 | Orc:3    | Noticed Rupert
 19425 | Orc:3    | Killed Rupert
 19425 | Orc:3    | Reached skill level 1 in Shields
 19814 | Orc:4    | Entered Level 4 of the Orcish Mines
 19816 | Orc:4    | Found Xuyn's Antique Armour Boutique.
 19828 | Orc:4    | Found Ruigoq's Antique Weapon Shop.
 20151 | Orc:4    | Bought a runed rapier for 112 gold pieces
 20151 | Orc:4    | Bought a blowgun for 70 gold pieces
 20393 | Orc:4    | Found Dyopamimuo's General Store.
 20458 | Orc:4    | Bought a scroll of teleportation for 39 gold pieces
 20458 | Orc:4    | Bought a potion of magic for 104 gold pieces
 20458 | Orc:4    | Bought a potion of beneficial mutation for 455 gold pieces
 20458 | Orc:4    | Gained mutation: You possess an exceptional clarity of mind. [potion of beneficial mutation]
 20537 | Orc:4    | Found Ekaur's Jewellery Shoppe.
 20537 | Orc:4    | Noticed an orc warlord
 20608 | Orc:4    | Gained mutation: You are dopey. (Int -2) [a neqoxec]
 20654 | Orc:4    | Bought a cursed ring of loudness for 63 gold pieces
 20654 | Orc:4    | Bought a cursed -3 ring of intelligence for 28 gold pieces
 20706 | Orc:4    | Found a staircase to the Elven Halls.
 20757 | Orc:4    | Killed an orc warlord
 21251 | D:5      | Bought a scroll of enchant weapon for 97 gold pieces
 21631 | Snake:1  | Entered Level 1 of the Snake Pit
 21713 | Swamp:1  | Entered Level 1 of the Swamp
 21860 | Swamp:1  | Noticed Frances
 22256 | Swamp:1  | Killed Frances
 22256 | Swamp:1  | Reached skill level 10 in Fighting
 23189 | Swamp:2  | Reached XP level 15. HP: 80/80 MP: 6/25
 23335 | Swamp:2  | Reached skill level 1 in Throwing
 24392 | Swamp:3  | Noticed Kirke
 24398 | Swamp:3  | Killed Kirke
 24398 | Swamp:3  | Reached skill level 19 in Stealth
 24411 | Swamp:3  | Noticed a thorn hunter
 24413 | Swamp:3  | Killed a thorn hunter
 24516 | Swamp:3  | Noticed Mara
 24521 | Swamp:3  | Killed Mara
 25019 | Swamp:4  | Entered Level 4 of the Swamp
 25561 | Swamp:4  | Reached skill level 5 in Throwing
 25561 | Swamp:4  | Reached XP level 16. HP: 85/85 MP: 9/26
 25933 | Swamp:4  | Got a decaying rune of Zot
 26395 | Lair:1   | Upgraded the game from 0.17-b1-20-g63edfd6 to 0.17-b1-25-g6d8775f
 26702 | Snake:1  | Noticed Aizul
 26708 | Snake:1  | Killed Aizul
 27565 | Snake:1  | Reached skill level 20 in Stealth
 29281 | Snake:2  | Noticed Agnes
 29336 | Snake:1  | Killed Agnes
 29795 | Snake:2  | Reached skill level 15 in Hexes
 29795 | Snake:2  | Reached XP level 17. HP: 85/89 MP: 27/27
 30024 | Snake:3  | Found a frozen archway.
 30033 | IceCv    | Entered an ice cave
 31172 | Snake:3  | Reached skill level 21 in Stealth
 32537 | Snake:4  | Entered Level 4 of the Snake Pit
 34541 | Snake:4  | Reached skill level 22 in Stealth
 34783 | Snake:4  | Reached XP level 18. HP: 78/93 MP: 28/28
 35722 | Snake:4  | Found Raded's Antique Weapon Shop.
 35776 | Snake:4  | Bought a crude dagger for 245 gold pieces
 35776 | Snake:4  | Identified the +10 dagger "Atesiezidd" {pain, Int+4 Stlth+} (You bought it in a shop on level 4 of the Snake Pit)
 36313 | Snake:4  | Got a serpentine rune of Zot
 36318 | Snake:4  | Got a steaming pewter ring
 36322 | Snake:4  | Identified the ring of the Gloaming {Fire rPois Stlth+} (You found it on level 4 of the Snake Pit)
 36884 | Lair:1   | Learned a level 6 spell: Deflect Missiles
 37160 | D:12     | Reached skill level 1 in Air Magic
 38285 | D:13     | Found a gate to the Vaults.
 38292 | D:13     | Reached skill level 5 in Shields
 38704 | D:14     | Found Ibautous's Pet Rocks.
 38883 | D:15     | Entered Level 15 of the Dungeon
 39010 | D:15     | Found a shattered altar of Ashenzari.
 39036 | D:15     | Noticed Azrael
 39157 | D:15     | Found a staircase to the Depths.
 39558 | D:15     | Killed Azrael
 39558 | D:15     | Reached skill level 23 in Stealth
 40029 | Vaults:1 | Entered Level 1 of the Vaults
 40215 | Vaults:1 | Reached XP level 19. HP: 37/98 MP: 0/29
 40229 | Vaults:1 | Reached skill level 5 in Charms
 41730 | Vaults:1 | Reached skill level 5 in Air Magic
 42096 | Vaults:2 | Reached skill level 10 in Charms
 43775 | Vaults:3 | Reached XP level 20. HP: 82/102 MP: 14/30
 44110 | Vaults:3 | Found a staircase to the Crypt.
 44110 | Vaults:3 | Found an ancient bone altar of Kikubaaqudgha.
 44111 | Vaults:3 | Found a basalt altar of Yredelemnul.
 44323 | Vaults:3 | Noticed Nikola
 44331 | Vaults:3 | Killed Nikola
 44689 | Vaults:4 | Reached skill level 15 in Charms
 44903 | Vaults:4 | Noticed Margery
 46371 | Vaults:4 | Noticed Donald
 46379 | Vaults:4 | Killed Margery
 46494 | Vaults:4 | Killed Donald
 46740 | Vaults:4 | Reached skill level 15 in Short Blades
 46962 | Vaults:4 | Noticed Sojobo
 47450 | Vaults:4 | Killed Sojobo
 48167 | Lair:1   | Upgraded the game from 0.17-b1-25-g6d8775f to 0.17-b1-36-g7b1967c
 48318 | Elf:1    | Entered Level 1 of the Elven Halls
 48333 | Elf:1    | Reached skill level 24 in Stealth
 48415 | Elf:1    | Noticed Asterion
 48458 | Elf:1    | Killed Asterion
 48615 | Elf:1    | Found Unebluhe's Food Emporium.
 48628 | Elf:1    | Bought a bread ration for 65 gold pieces
 48628 | Elf:1    | Bought a bread ration for 65 gold pieces
 48628 | Elf:1    | Bought a bread ration for 65 gold pieces
 48650 | Elf:1    | Found a deep blue altar of Sif Muna.
 48994 | Elf:1    | Reached XP level 21. HP: 107/107 MP: 33/33
 49200 | Elf:2    | Found Xeawun's Food Emporium.
 49205 | Elf:2    | Bought a bread ration for 65 gold pieces
 49373 | Elf:2    | Found Komejuej's Assorted Antiques.
 49458 | Elf:2    | Found Detax's Assorted Antiques.
 49480 | Elf:2    | Bought a potion of heal wounds for 170 gold pieces
 49551 | Elf:2    | Found Myggail's Distillery.
 49554 | Elf:2    | Bought a potion of curing for 57 gold pieces
 49554 | Elf:2    | Bought a potion of haste for 190 gold pieces
 49554 | Elf:2    | Bought a potion of heal wounds for 95 gold pieces
 49554 | Elf:2    | Bought a potion of beneficial mutation for 665 gold pieces
 49554 | Elf:2    | Bought a potion of curing for 57 gold pieces
 49554 | Elf:2    | Gained mutation: You have a pair of small antennae on your head. [potion of beneficial mutation]
 49583 | Elf:2    | Found a huge runed gate.
 49585 | Elf:2    | Found a huge runed gate.
 49585 | Elf:2    | Found a huge runed gate.
 49586 | Elf:2    | Found a huge runed gate.
 49586 | Elf:2    | Found a huge runed gate.
 49983 | Lair:1   | Learned a level 4 spell: Fulminant Prism
 51268 | Elf:3    | Entered Level 3 of the Elven Halls
 52439 | Elf:3    | Got a dazzling rapier {drain}
 52441 | Elf:3    | Identified the +4 rapier "Hettugeo" {drain, rN+ Int+3} (You took it off a deep elf annihilator on level 3 of the Elven Halls)
 52517 | Elf:3    | Reached skill level 25 in Stealth
 52531 | Elf:3    | Got a brightly glowing bone amulet
 52533 | Elf:3    | Identified the amulet "Oreipushresk" {Spirit rF+} (You took it off a deep elf mage on level 3 of the Elven Halls)
 52723 | Elf:3    | Noticed Saint Roka
 53478 | Elf:3    | Reached skill level 5 in Conjurations
 54760 | Elf:3    | Got a bloodstained scimitar {slice}
 54761 | Elf:3    | Identified the cursed +3 scimitar "Foapoon" {slice, rC+ SInv} (You took it off a deep elf annihilator on level 3 of the Elven Halls)
 54813 | Elf:3    | Identified the Volume of the Hurtful Glacier
 54836 | Elf:3    | Identified the Reference Book on Dusty Creation
 54838 | Elf:3    | Identified the Compendium of Beguiling and Clay
 54843 | Elf:3    | Got a pitted dagger
 54845 | Elf:3    | Identified the +2 dagger of Guile {pierce, *Corrode +Blink rElec rF+} (You found it on level 3 of the Elven Halls)
 54947 | Elf:3    | Killed Saint Roka
 54949 | Elf:3    | Got a twitching pewter ring
 54952 | Elf:3    | Identified the ring of Utifoad {+Fly rF+ Int+4} (You took it off Saint Roka on level 3 of the Elven Halls)
 54963 | Elf:3    | Got a shimmering falchion {holy}
 54964 | Elf:3    | Identified the +10 falchion of the End {holy, rElec MR+} (You took it off Saint Roka on level 3 of the Elven Halls)
 55318 | Lair:1   | Learned a level 6 spell: Mass Confusion
 55324 | Lair:1   | Learned a level 4 spell: Cause Fear
 55508 | Depths:1 | Entered Level 1 of the Depths
 55521 | Depths:1 | Found a runed gate.
 55521 | Depths:1 | Found a runed gate.
 55521 | Depths:1 | Found a runed gate.
 55667 | Depths:1 | Found a gateway to Hell.
 55668 | Depths:1 | Found a gateway to a ziggurat.
 56428 | Depths:1 | Reached XP level 22. HP: 114/114 MP: 36/36
 57428 | Depths:2 | Reached skill level 10 in Spellcasting
 57982 | Depths:2 | Noticed heinrich's ghost (journeyman FeBe)
 58046 | Depths:2 | Killed heinrich's ghost
 58083 | Depths:2 | HP: 5/114 [spriggan berserker/war axe (43)]
 58619 | Depths:2 | Noticed the Enchantress
 58981 | Vaults:5 | Entered Level 5 of the Vaults
 58983 | Vaults:5 | Reached skill level 26 in Stealth
 59875 | Vaults:5 | HP: 2/114 [long sword of slicing (17)]
 59875 | Vaults:5 | Slain by a long sword of slicing

Action                   |  1- 3 |  4- 6 |  7- 9 | 10-12 | 13-15 | 16-18 | 19-21 | 22-24 || total
-------------------------+-------+-------+-------+-------+-------+-------+-------+-------++-------
Melee: Dagger            |    72 |   162 |   267 |   785 |   195 |    86 |       |       ||  1567
       Rapier            |       |       |       |   226 |  1062 |  1625 |  1919 |   533 ||  5365
       Short sword       |       |       |       |       |   171 |       |       |       ||   171
 Fire: Hunting sling     |     2 |     3 |     2 |       |       |       |       |       ||     7
       Blowgun           |       |       |       |       |    43 |     2 |       |     5 ||    50
Throw: Stone             |       |     1 |     1 |     7 |       |       |       |       ||     9
       Tomahawk          |       |       |       |       |     9 |     4 |       |       ||    13
 Cast: Corona            |     4 |     2 |       |       |       |       |       |       ||     6
       Ensorcelled Hiber |     2 |     3 |     2 |       |     2 |       |     1 |       ||    10
       Confuse           |       |    11 |    24 |    90 |   136 |   112 |    71 |    13 ||   457
       Dazzling Spray    |       |       |       |     4 |    77 |   201 |   157 |    41 ||   480
       Shroud of Golubri |       |       |       |       |     3 |     3 |     3 |       ||     9
       Blink             |       |       |       |       |     1 |     8 |     6 |     1 ||    16
       Tukima's Dance    |       |       |       |       |       |     6 |    25 |     8 ||    39
       Deflect Missiles  |       |       |       |       |       |       |     3 |     1 ||     4
       Fulminant Prism   |       |       |       |       |       |       |    27 |     1 ||    28
       Mass Confusion    |       |       |       |       |       |       |     1 |    12 ||    13
       Cause Fear        |       |       |       |       |       |       |     1 |     1 ||     2
Invok: Shadow Step       |       |       |       |     2 |     6 |     5 |     1 |       ||    14
Evoke: Wand              |       |       |       |       |       |     1 |     1 |       ||     2
  Use: Scroll            |     3 |    13 |     5 |     5 |    15 |    11 |    15 |     4 ||    71
       Potion            |     1 |       |       |       |     4 |     3 |     5 |     4 ||    17
 Stab: Sleeping          |    12 |    19 |    28 |   101 |   150 |   147 |   145 |     6 ||   608
       Confused          |       |     8 |     9 |    52 |    80 |    51 |    37 |    22 ||   259
       Distracted        |       |     1 |     3 |     5 |     9 |    25 |    37 |    10 ||    90
       Invisible         |       |       |       |     5 |    22 |    80 |    68 |    18 ||   193
       Fleeing           |       |       |       |       |       |       |       |     1 ||     1
  Eat: Pizza             |       |     1 |     1 |     2 |     5 |     1 |       |       ||    10
       Royal jelly       |       |       |     1 |     5 |     7 |    12 |       |       ||    25
       Fruit             |       |       |     1 |       |       |       |       |       ||     1
       Bread ration      |       |       |       |       |       |     1 |     5 |     2 ||     8
